 Dungeon Crawl Stone Soup version 0.31.0-11-ge490571c62 (webtiles) character file.

Game seed: 9261280985556043658

611 Peloso the Slasher (level 7, -3/61 HPs)
             Began as a Minotaur Fighter on Feb 9, 2024.
             Was an Initiate of Okawaru.
             Killed by divine providence
             ... invoked by an orc priest
              (11 damage)
             ... on level 5 of the Dungeon.
             The game lasted 00:07:22 (4104 turns).

Peloso the Slasher (Minotaur Fighter)               Turns: 4104, Time: 00:07:22

Health: -3/61      AC: 13    Str: 20    XL:     7   Next: 20%
Magic:  6/6        EV:  5    Int:  5    God:    Okawaru [......]
Gold:   119        SH: 11    Dex: 24    Spells: 6/6 levels left

rFire   . . .        a - +1 long sword
rCold   . . .        d - +0 kite shield
rNeg    . . .        c - +0 plate armour
rPois   .            (helmet restricted)
rElec   .            (no cloak)
rCorr   .            u - +0 pair of gloves
SInv    .            (no boots)
Will    .....        (no amulet) Stlth
                     g - +6 ring of dexterity
HPRegen 0.30/turn    o - +6 ring of dexterity
MPRegen 0.10/turn

%: no passive effects
@: no status effects
A: horns 2, retaliatory headbutt
a: Renounce Religion


You were on level 5 of the Dungeon.
You worshipped Okawaru.
Okawaru was noncommittal.
You visited 1 branch of the dungeon, and saw 5 of its levels.
You also visited: Sewer.

You collected 119 gold pieces.

Inventory:

Hand Weapons
 a - a +1 long sword (weapon)
Armour
 b - a +1 scale mail
 c - a +0 plate armour (worn)
 d - a +0 kite shield (worn)
 u - a +0 pair of gloves (worn)
Jewellery
 g - a +6 ring of dexterity (left hand)
 i - a ring of positive energy
 n - a ring of poison resistance
 o - a +6 ring of dexterity (right hand)
 s - a +4 ring of protection
 v - a ring of protection from cold
Wands
 e - a wand of flame (31)
Scrolls
 f - 2 scrolls of enchant armour
 j - a scroll of enchant weapon
 k - a scroll of amnesia
 p - 3 scrolls of fear
 r - a scroll of teleportation
 t - a scroll of vulnerability {unknown}
 w - a scroll of revelation
Potions
 h - 2 potions of curing
 l - a potion of lignification
 m - a potion of might
 q - 2 potions of mutation


   Skills:
 + Level 5.3 Fighting
 + Level 6.8 Long Blades
 + Level 5.2 Armour
 + Level 1.6 Dodging
 + Level 0.2 Stealth
 + Level 4.6 Shields


You had 6 spell levels left.
You didn't know any spells.
Your spell library contained the following spells:

 Spells                   Type           Power      Damage    Failure   Level
 Magic Dart               Conj           0%         1d3       100%        1
 Slow                     Hex            0%         N/A       100%        1
 Blink                    Tloc           0%         N/A       100%        2
 Ensorcelled Hibernation  Hex/Ice        0%         N/A       100%        2
 Confusing Touch          Hex            0%         N/A       100%        3
 Passwall                 Erth           0%         N/A       100%        3
 Sigil of Binding         Hex            0%         N/A       100%        3
 Swiftness                Air            0%         N/A       100%        3
 Vampiric Draining        Necr           0%         2d6       100%        3
 Alistair's Intoxication  Alch           0%         N/A       100%        5
 Borgnjor's Vile Clutch   Necr/Erth      0%         N/A       100%        5
 Eringya's Noxious Bog    Alch           0%         4d6       100%        6
 Chain Lightning          Conj/Air       0%         N/A       100%        9
 Fire Storm               Conj/Fire      0%         5d1       100%        9
 Shatter                  Erth           0%         3d5*      100%        9
 Call Imp                 Summ           Unusable   N/A       N/A         2

Dungeon Overview and Level Annotations

Branches:
Dungeon (5/15)              Sewer (visited)
 Temple: D:4-7

Altars:
Okawaru
Wu Jian

Annotations:
D:2 1 runed translucent door, Crazy Yiuf
D:3 3 runed translucent doors, Mrcake's ghost, weakling DgGl; Pokrew's ghost, amateur MfSu; dertzug's ghost, amateur TrFi; koorschki's ghost, amateur DsSh; raetorn's ghost, amateur TrSh


Innate Abilities, Weirdness & Mutations

You have a pair of horns on your head.
You reflexively headbutt those who attack you in melee.


Message History

You kill the orc!
Okawaru accepts your kill. You block the gnoll's attack. x2
Unknown command.
You slash the gnoll!
The gnoll is severely wounded.
The gnoll hits you from afar with a +2 halberd of freezing!
The gnoll freezes you. The gnoll hits you with a +0 flail.
The orc priest looks satisfied for a moment.
You slash the gnoll!
You kill the gnoll!
Okawaru accepts your kill.
The gnoll is no longer moving quickly.
The gnoll hits you from afar with a +2 halberd of freezing.
The gnoll freezes you. You block the gnoll's attack.
You hit the orc priest. Your headbutt misses the orc priest.
The orc priest is lightly wounded.
You block the orc priest's attack.
The gnoll hits you from afar with a +2 halberd of freezing!
The gnoll freezes you.
* * * LOW HITPOINT WARNING * * *
You hit the orc priest.
The orc priest is lightly wounded.
You block the orc priest's attack. You block the gnoll's attack.
Unknown command.
You hit the orc priest but do no damage.
The orc priest is lightly wounded.
The orc priest mumbles some strange prayers to Beogh against you.
Beogh smites you!
* * * LOW HITPOINT WARNING * * *
An orc wizard comes into view. It is wielding a +0 dagger.
You block the gnoll's attack.
The orc priest hits you with a +1 flail of holy wrath.
* * * LOW HITPOINT WARNING * * *
The orc wizard mumbles some strange words.
The orc wizard flickers and vanishes!
Deactivating autopickup; reactivate with Ctrl-A.
The orc priest invokes the aid of Beogh against you.
Beogh smites you!
You die...

#.# ####.#.#
#.###.##.#.#
#.#.#...#.#.#
.###......#.# #
##.......# #.#.####.# #
#>##.# #.# #{#
#.###.####.#######g..##.
...
............@)oog.... .#
...........####o##### .
#..#######.# # #. #[#
#.# #.# #.# #.# #.#


You could see an orc priest, 2 gnolls and 2 orcs.

Vanquished Creatures
  Grinder (D:4)
  A phantom (D:4)
  A jelly (D:4)
  A gnoll bouda (D:5)
  An iguana (D:5)
  Robin (D:3)
  3 gnolls
  8 adders
  2 river rats (Sewer)
  4 dart slugs
  2 ribbon worms
  8 orcs
  9 endoplasms
  2 giant cockroaches (D:3)
  17 goblins
  7 hobgoblins
  10 kobolds
  4 quokkas
  6 ball pythons
  11 bats
  5 frilled lizards
  12 rats
116 creatures vanquished.

Notes
Turn   | Place    | Note
-------+----------+-------------------------------------------
     0 | D:1      | Peloso the Minotaur Fighter began the quest for the Orb.
     0 | D:1      | Reached XP level 1. HP: 19/19 MP: 0/0
   224 | D:1      | Reached XP level 2. HP: 27/27 MP: 1/1
   861 | D:2      | Reached skill level 3 in Long Blades
   861 | D:2      | Reached XP level 3. HP: 33/33 MP: 2/2
  1054 | D:2      | Found a runed translucent door.
  1055 | D:2      | Noticed Crazy Yiuf
  1113 | D:2      | Identified the +0 ring mail of Piona {Harm Will+++}
  1190 | D:2      | Reached XP level 4. HP: 32/41 MP: 3/3
  1622 | D:3      | Found a glowing drain.
  1630 | Sewer    | Entered a sewer
  1817 | Sewer    | Reached skill level 4 in Long Blades
  1825 | Sewer    | Reached XP level 5. HP: 25/47 MP: 4/4
  2649 | D:3      | Noticed Robin
  2665 | D:3      | Killed Robin
  3006 | D:3      | Found a runed translucent gate.
  3006 | D:3      | Found a runed translucent gate.
  3006 | D:3      | Found a runed translucent gate.
  3007 | D:3      | Noticed raetorn's ghost (amateur TrSh)
  3007 | D:3      | Noticed koorschki's ghost (amateur DsSh)
  3008 | D:3      | Noticed Pokrew's ghost (amateur MfSu)
  3008 | D:3      | Noticed dertzug's ghost (amateur TrFi)
  3008 | D:3      | Noticed Mrcake's ghost (weakling DgGl)
  3383 | D:4      | Found an iron altar of Okawaru.
  3402 | D:4      | Found Ughuxzoq's Fire Supplies.
  3434 | D:4      | Noticed Grinder
  3444 | D:4      | Killed Grinder
  3445 | D:4      | Reached skill level 5 in Fighting
  3445 | D:4      | Reached skill level 5 in Long Blades
  3445 | D:4      | Reached skill level 5 in Armour
  3445 | D:4      | Reached skill level 1 in Dodging
  3445 | D:4      | Reached XP level 6. HP: 36/56 MP: 5/5
  3462 | D:4      | Became a worshipper of Warmaster Okawaru
  3629 | D:4      | Identified the -2 helmet of the Armadillo {rF++ rN+ Dex+3
                  | Stlth-}
  3707 | D:4      | Reached skill level 6 in Long Blades
  3886 | D:4      | Reached XP level 7. HP: 51/59 MP: 6/6
  3997 | D:4      | Found an ornate altar of the Wu Jian Council.
  4039 | D:5      | Entered Level 5 of the Dungeon
  4104 | D:5      | Killed from afar by an orc priest

Illustrated notes

Levels and vault maps discovered:
D:1:      roderic_crossed_star, layout_loops_ring
D:2:      minmay_recursive_quarters, layout_rooms, minmay_distorted,
          uniq_crazy_yiuf_cottage
D:3:      layout_basic, mainiacjoe_sewer_entry_somewhere_in_here_1,
          gammafunk_ghost_cemetery, uniq_robin
D:4:      layout_rooms, mainiacjoe_overflow_catwalk, marbit_many_paths,
          nicolae_shop_fire_sale [nicolae_sub_dead_trees], uniq_grinder
D:5:      layout_loops_ring, mainiacjoe_overflow_brackets,
          kennysheep_cross_bottleneck, uniq_eustachio

Skill      XL: |  1  2  3  4  5  6 |
---------------+-------------------+-----
Fighting       | 4 5 |  5.3
Armour         | 4 5 |  5.2
Shields        | 4 |  4.6
Long Blades    | 3 4 5 6 |  6.8
Dodging        | 1 |  1.6
Stealth        | |  0.2

Action                     |  1- 3 |  4- 6 |  7- 9 || total
---------------------------+-------+-------+-------++-------
  Melee: Long sword        |    75 |   136 |    17 ||   228
         Headbutt          |    11 |    19 |     1 ||    31
    Use: Potion            |     3 |     2 |       ||     5
         Scroll            |       |     7 |     1 ||     8
   Stab: Distracted        |       |     1 |       ||     1
 Armour: Scale mail        |    57 |       |       ||    57
         Ring mail         |     5 |    50 |       ||    55
         Plate armour      |       |    35 |    13 ||    48
  Dodge: Dodged            |    45 |    51 |       ||    96
  Block: Buckler           |    21 |    27 |     1 ||    49
         Kite shield       |       |       |    14 ||    14
